 Dungeon Crawl Stone Soup version 0.28.0-53-g5a82cb258f (webtiles) character file.

Game seed: 16751803765770703319

329 Legadrian the Cudgeller (level 6, 0/37 HPs)
             Began as a Gargoyle Fighter on July 7, 2022.
             Slain by a wight
             ... wielding a +6 short sword
              (8 damage)
             ... on level 4 of the Dungeon.
             The game lasted 00:08:54 (3012 turns).

Legadrian the Cudgeller (Gargoyle Fighter)          Turns: 3012, Time: 00:08:54

Health: 0/37       AC: 21    Str: 21    XL:     6   Next: 50%
Magic:  6/6        EV:  5    Int:  9    God:
Gold:   91         SH:  4    Dex:  9    Spells: 5/5 levels left

rFire   . . .      SeeInvis .   t - +5 hand axe "Inginl Zecw" {freeze, rC+}
rCold   + + .      Faith    .   c - +0 buckler
rNeg    + . .      Spirit   .   w - +1 plate armour
rPois   ∞          Reflect  .   a - +1 helmet
rElec   +          Harm     .   y - +0 cloak
rCorr   .          Rampage  .   (no gloves)
Will    .....                   f - +0 pair of boots
Stlth   ..........              (no amulet)
HPRegen 0.12/turn               x - ring of protection from cold
MPRegen 0.10/turn               (no ring)

@: no status effects
A: sickness immunity, AC +4, negative energy resistance 1, electricity
resistance, torment resistance 1, petrification resistance
a: no special abilities


You were on level 4 of the Dungeon.
You visited 1 branch of the dungeon, and saw 4 of its levels.

You collected 91 gold pieces.

Inventory:

Hand Weapons
 d - a +0 hunting sling
 g - a +4 quarterstaff of chaos
 h - a +1 flail of draining
 r - a +1 dagger of draining
 t - the +5 hand axe "Inginl Zecw" (weapon) {freeze, rC+}
   (You found it on level 3 of the Dungeon)

   It freezes those it strikes, dealing additional cold damage.
   It can also slow down cold-blooded creatures.
   rC:        It protects you from cold.
Missiles
 i - 40 arrows
 k - 163 stones (quivered)
 m - 2 poisoned darts
Armour
 a - a +1 helmet (worn)
 b - a +0 scale mail
 c - a +0 buckler (worn)
 f - a +0 pair of boots (worn)
 w - a +1 plate armour (worn)
 y - a +0 cloak (worn)
 z - an orb of wrath
Jewellery
 x - a ring of protection from cold (left hand)
Wands
 e - a wand of flame (28)
Scrolls
 n - a scroll of blinking
 p - 2 scrolls of fog
 q - a scroll of vulnerability
 u - 4 scrolls of immolation {unknown}
Potions
 j - a potion of attraction
 l - 2 potions of brilliance
 o - a potion of invisibility {unknown}
 s - a potion of mutation {unknown}
 v - 2 potions of curing


   Skills:
 - Level 3.2 Fighting
 + Level 3.4(4.7) Axes
 - Level 5.3(5.9) Maces & Flails
 - Level 3.2 Armour
 - Level 3.2 Shields


You had 5 spell levels left.
You didn't know any spells.
Your spell library was empty.

Dungeon Overview and Level Annotations

Branches:
Dungeon (4/15)
 Temple: D:4-7

Altars:
Qazlal


Innate Abilities, Weirdness & Mutations

You are immune to sickness and miasma.
Your stone body is resilient. (AC +4)
You are immune to poison.
You resist negative energy. (rN+)
You are resistant to electric shocks. (rElec)
You are resistant to unholy torment.
You are immune to petrification.


Message History

You hit the wight.
The wight is lightly damaged.
The wight barely misses you. The wight hits you but does no damage.
You closely miss the wight.
The wight is lightly damaged.
You block the wight's attack.
You hit the wight.
The wight is heavily damaged.
The wight hits you but does no damage.
You hit the wight but do no damage.
The wight is heavily damaged.
The wight hits you but does no damage.
You barely miss the wight.
The wight is heavily damaged.
The wight hits you but does no damage.
You hit the wight but do no damage.
The wight is heavily damaged.
The wight hits you with a +2 mace.
You hit the wight.
The wight is heavily damaged.
You block the wight's attack.
You hit the wight but do no damage.
The wight is heavily damaged.
The wight barely misses you.
You slash the wight!
You destroy the wight!
You closely miss the wight. The wight hits you but does no damage.
You slash the wight!
The wight is heavily damaged.
The wight hits you with a +6 short sword!
You barely miss the wight.
The wight is heavily damaged.
The wight hits you with a +6 short sword.
* * * LOW HITPOINT WARNING * * *
You hit the wight but do no damage.
The wight is heavily damaged.
The wight hits you with a +6 short sword.
* * * LOW HITPOINT WARNING * * *
The wight hits you with a +6 short sword!
You die...

# ... ... #. .....#
#..##.#..# #........#
.. #.##.# ... #.#..##.#
#.# #.......# #.#
#.#z###.# #.## #.#@# #
#..## #.#.##
....##########....##.#
..............)......'.
#...##########....##.#.
#.†.# #.......# ###.#
####.#### ###.# .#
....# .#


You could see a wight.

Vanquished Creatures
  2 wights (D:4)
  Crazy Yiuf (D:3)
  An orc wizard (D:3)
  Robin (D:2)
  6 gnolls
  3 adders (D:2)
  5 orcs
  10 bats
  8 endoplasms
  2 giant cockroaches
  13 goblins
  11 hobgoblins
  3 jackals (D:3)
  6 kobolds
  2 quokkas
  5 ball pythons
  2 frilled lizards (D:2)
  6 rats
87 creatures vanquished.

Notes
Turn   | Place    | Note
-------+----------+-------------------------------------------
     0 | D:1      | Legadrian the Gargoyle Fighter began the quest for the Orb.
     0 | D:1      | Reached XP level 1. HP: 14/14 MP: 1/1
   108 | D:1      | Reached XP level 2. HP: 19/19 MP: 2/2
   276 | D:1      | Reached skill level 3 in Maces & Flails
   298 | D:1      | Found a faded altar of an unknown god.
   508 | D:2      | Reached XP level 3. HP: 23/23 MP: 3/3
   704 | D:2      | Noticed Robin
   733 | D:2      | Reached skill level 4 in Maces & Flails
  1079 | D:2      | Killed Robin
  1080 | D:2      | Reached XP level 4. HP: 23/28 MP: 4/4
  1716 | D:3      | Found a runed translucent door.
  1717 | D:3      | Noticed Crazy Yiuf
  1782 | D:3      | Reached skill level 5 in Maces & Flails
  1782 | D:3      | Reached XP level 5. HP: 28/32 MP: 5/5
  1919 | D:3      | Identified the +5 hand axe "Inginl Zecw" {freeze, rC+}
  2027 | D:3      | Found a stormy altar of Qazlal.
  2061 | D:3      | Reached skill level 1 in Axes
  2340 | D:3      | Killed Crazy Yiuf
  2622 | D:4      | Reached XP level 6. HP: 26/37 MP: 6/6
  3012 | D:4      | Slain by a wight

Illustrated notes

Levels and vault maps discovered:
D:1:      scummos_arrival_simple_fountains, layout_rooms,
          shapermc_ecumenical_altar_acropolis, minmay_tetromino_i4
D:2:      layout_basic, uniq_robin
D:3:      layout_basic, grunt_qazlal_sundering, ebering_dispersal_statue_hall,
          uniq_crazy_yiuf_cottage
D:4:      layout_loops_corners, lemuel_coloured_pillars_altar,
          minmay_temple_entry_from_below_b, minmay_misc_feat_tiny, uniq_ijyb

Skill      XL: |  1  2  3  4  5  6 |
---------------+-------------------+-----
Maces & Flails | 3 4 5 |  5.3
Axes           | 2 3 |  3.4
Fighting       | |  3.2
Armour         | |  3.2
Shields        | |  3.2

Action                   |  1- 3 |  4- 6 || total
-------------------------+-------+-------++-------
Melee: Flail             |   107 |    67 ||   174
       Hand axe          |       |    69 ||    69
  Use: Scroll            |     4 |     5 ||     9
       Potion            |     2 |     1 ||     3
Armor: Scale mail        |    72 |    39 ||   111
       Plate armour      |       |    23 ||    23
Dodge: Dodged            |    58 |    52 ||   110
Block: Buckler           |    34 |    27 ||    61
